 Dungeon Crawl Stone Soup version 0.17-a0-1837-g7c6a762 (webtiles) character file.

202711 Banto the Fencer (level 17, -5/127 HPs)
             Began as a High Elf Skald on Sept 15, 2015.
             Was the Champion of Okawaru.
             Slain by a naga warrior
             ... wielding a +0 trident
              (6 damage)
             ... on level 4 of the Snake Pit.
             The game lasted 02:14:06 (39473 turns).

Banto the Fencer (High Elf Skald)                  Turns: 39473, Time: 02:14:06

Health: -5/127     AC: 19    Str: 16      XL:     17   Next: 95%
Magic:  16/32      EV: 28    Int: 19 (21) God:    Okawaru [******]
Gold:   1936       SH:  0    Dex: 33      Spells: 5 memorised, 12 levels left

rFire  + + .     SeeInvis +     u - +10 triple sword of the Blind Eye {flame, MP+9 Dex+7}
rCold  + + .     Clarity  +     T - +3 ring mail {rF+}
rNeg   . . .     SustAt   .     (no shield)
rPois  .         Gourm    .     B - +0 hat "Vafafet Tiss" {Dex+2 SInv}
rElec  +         Spirit   .     V - +1 cloak of Supple Strength {rCorr}
rCorr  +         Warding  .     g - +0 pair of gloves "Daukhab" {*Corrode +Fly rElec}
rMut   .         Stasis   .     d - +1 pair of boots of Idealism {rC+ Str+5}
MR     +....                    Q - amulet of clarity
Stlth  +++.......               K - ring of protection from cold
                                O - ring of protection from fire

@: lethally poisoned (-5 -> -20), slowed, constricted, repel missiles, very
slow, somewhat resistant to hostile enchantments, fairly stealthy
A: thin metallic scales 1, agile 1, clever 2, deterioration 1, shaggy fur 1,
slow healing 1, subdued magic 1
a: Heroism, Finesse, Renounce Religion, Evoke Flight
}: 1/15 runes: decaying


You were on level 4 of the Snake Pit.
You worshipped Okawaru.
Okawaru was exalted by your worship.
You were hungry.

You visited 6 branches of the dungeon, and saw 36 of its levels.
You also visited: Labyrinth, Bailey, Ice Cave and Volcano.

You collected 3481 gold pieces.
You spent 1545 gold pieces at shops.

Inventory:

Hand weapons
 u - the +10 triple sword of the Blind Eye (weapon) {flame, MP+9 Dex+7}
   (Okawaru gifted it to you on level 14 of the Dungeon)

   It has been specially enchanted to burn those struck by it, causing extra
   injury to most foes and up to half again as much damage against particularly
   susceptible opponents.
   Big, fiery blades are also staple armaments of hydra-hunters.
   It affects your dexterity (+7).
   It affects your magic capacity (+9).
 y - a +2 demon blade of electrocution
Armour
 d - the +1 pair of boots of Idealism (worn) {rC+ Str+5}
   (You acquired it on level 4 of the Swamp)

   It affects your strength (+5).
   It protects you from cold.
 g - the +0 pair of gloves "Daukhab" (worn) {*Corrode +Fly rElec}
   (You bought it in a shop on level 10 of the Dungeon)

   It insulates you from electricity.
   It lets you fly.
   It may corrode your equipment when you take damage.
 B - the +0 hat "Vafafet Tiss" (worn) {Dex+2 SInv}
   (Okawaru gifted it to you on level 2 of the Snake Pit)

   It affects your dexterity (+2).
   It lets you see invisible.
 T - a +3 ring mail of fire resistance (worn)
 U - a +2 leather armour of cold resistance
 V - the +1 cloak of Supple Strength (worn) {rCorr}
   (You acquired it on level 4 of the Lair of Beasts)

   It protects you from acid and corrosion.
Jewellery
 D - an uncursed amulet of warding
 G - an uncursed ring of invisibility
 K - a ring of protection from cold (right hand)
 O - a ring of protection from fire (left hand)
 Q - an amulet of clarity (around neck)
 S - an uncursed amulet of the gourmand
Magical devices
 k - a wand of teleportation (5)
 m - a wand of digging (18)
 t - a wand of teleportation (3)
 z - a wand of hasting (4)
 P - a wand of paralysis (5)
Scrolls
 c - 2 scrolls of enchant armour
 f - 17 scrolls of remove curse
 n - a scroll of amnesia
 o - 5 scrolls of fog
 s - 2 scrolls of silence
 w - 9 scrolls of magic mapping
 E - 6 scrolls of teleportation
 M - 2 scrolls of blinking
 N - 12 scrolls of identify
Potions
 e - 9 potions of curing
 i - 3 potions of cancellation
 j - 5 potions of berserk rage
 p - 6 potions of resistance
 q - 6 potions of haste
 r - 3 potions of invisibility
 v - 2 potions of magic
 x - 3 potions of brilliance
 A - 6 potions of flight
 H - 4 potions of agility
 W - 6 potions of might
Miscellaneous
 l - a legendary deck of destruction {Degeneration}
 I - a fan of gales
 X - a phantom mirror
Comestibles
 b - 6 bread rations
 h - 17 meat rations
 C - 4 fruits


   Skills:
 + Level 15.4 Fighting
 - Level 18.0 Long Blades
 - Level 10.0 Armour
 + Level 16.4 Dodging
 - Level 5.0 Stealth
   Level 5.0 Shields
 - Level 3.0 Spellcasting
 - Level 5.1 Hexes
 - Level 9.0 Charms
 - Level 4.0 Necromancy
 - Level 6.0 Air Magic
 - Level 7.0 Invocations
 - Level 7.3 Evocations


You had 12 spell levels left.
You knew the following spells:

 Your Spells              Type           Power        Failure   Level  Hunger
a - Infusion              Chrm           ###...       1%          1    None
b - Regeneration          Chrm/Necr      ###.......   3%          3    ###....
c - Spectral Weapon       Hex/Chrm       ###.....     2%          3    ###....
d - Summon Butterflies    Summ           #.......     16%         1    None
e - Repel Missiles        Chrm/Air       ###...       1%          2    ##.....


Dungeon Overview and Level Annotations

Branches:
Dungeon (15/15)            Temple (1/1) D:4            Lair (8/8) D:9
  Swamp (4/4) Lair:3        Snake (4/4) Lair:6        Slime (0/6) Lair:6
    Orc (4/4) D:11            Elf (0/3) Orc:3        Vaults (0/5) D:13
 Depths (0/5) D:15

Altars:
Ashenzari
Cheibriados
Dithmenos
Elyvilon
Fedhas
Gozag
Kikubaaqudgha
Makhleb
Nemelex Xobeh
Okawaru
Qazlal
Ru
Sif Muna
Trog
Vehumet
Xom
Yredelemnul
Zin
The Shining One
Beogh

Shops:
D:7 [   D:10 [   D:14 *   Orc:3 [   Orc:4 ([(!   Snake:4 [

Annotations:
D:4 Sigmund
Swamp:4 exclusion: oklob plant


Innate Abilities, Weirdness & Mutations

You are partially covered in thin metallic scales (AC +2).
You are agile. (Dex +2)
Your mind is very acute. (Int +4)
Your body sometimes deteriorates upon taking damage.
You are covered in fur (AC +1).
You heal slowly when monsters are visible.
Your spells are a little easier to cast, but a little less powerful.


Message History

The guardian serpent hits you but does no damage.
The naga warrior closely misses you. The naga warrior constricts you.
The guardian serpent misses you.
The guardian serpent coils itself and waves its upper body at you.
The bolt of poison hits you!
You are more poisoned.
* * * LOW HITPOINT WARNING * * *
Your body deteriorates!
You feel dopey.
You carve the guardian serpent like a ham!!!
You burn the guardian serpent.
You kill the guardian serpent!
Okawaru accepts your kill.
You feel sick.
The naga warrior hits you with a trident!
* * * LOW HITPOINT WARNING * * *
x2 The naga warrior constricts you.
The naga warrior hits you with a trident!!
* * * LOW HITPOINT WARNING * * *
Your body deteriorates!
You feel dopey.
You die...

#..# ##..# ** #..# #..#
************, ##..##
#..##########.,,,,,,,,,,,
#...)####.............,*********,
............##..#####*** **
........[###.....## *
..)...#..##.......## *
.(....##.##....N...##
......##.#......@(..#*
....!.##.#.......)...#
.....##..............#
.....#........)......#
.....#..#............#*
....#..#..............#
.......#..............#
.....#.♣..............#
.....♣.∩.♣,,,,,,,,,,,,*


You could see a naga warrior.

Vanquished Creatures
  A bone dragon (Swamp:3)
  Asterion (Snake:4)
  Kirke (D:15)
  3 thorn hunters (Swamp:3)
  Nessos (D:13)
  Azrael (Snake:3)
  The ghost of aves the Cleaver, a powerful VSFi of Qazlal (Lair:8)
  A yaktaur captain (D:14)
  A minotaur (Lab)
  A fire dragon (Lair:8)
  Josephine (D:10)
  An ice dragon (D:14)
  18 hydras
  Fannar (Orc:1)
  2 ghost crabs (Swamp:4)
  8 naga warriors
  The ghost of Mulkerokala the Skirmisher, a powerful HuWn of the Shining One (D:10)
  5 anacondas
  5 centaur warriors
  5 death yaks (Lair:8)
  8 alligators
  An ogre mage (Volcano)
  3 tengu warriors
  3 naga sharpshooters
  3 orc high priests (Orc:4)
  5 shock serpents
  Sonja (D:15)
  An ice devil (IceCv)
  3 salamander mystics
  3 skeletal warriors (D:11)
  A fire crab (Lair:7)
  2 flayed ghosts (D:14)
  2 unseen horrors
  2 naga ritualists (Snake:2)
  4 hill giants
  4 ice statues (IceCv)
  A spectral hydra (Swamp:3)
  2 spriggan druids
  5 orc knights
  5 swamp dragons
  6 shambling mangroves
  A necromancer (IceCv)
  A phantasmal warrior (Swamp:4)
  5 mana vipers
  The ghost of Sychopol the Merchant of Misery, an experienced DsNe of Kikubaaqudgha (D:7)
  2 griffons
  2 oklob plants
  A wolf spider (D:15)
  4 hornets
  10 salamanders
  6 ugly things
  A wizard (D:15)
  13 elephants
  2 centaur zombies
  3 orc sorcerers (Orc:4)
  29 black mambas
  3 gargoyles
  An eye of devastation (shapeshifter) (D:14)
  4 guardian serpents
  2 centaur skeletons
  2 torpor snails
  A yaktaur (D:14)
  19 naga magi
  17 spiny frogs
  4 swamp worm zombies (Swamp:4)
  11 komodo dragons
  4 fire drakes
  4 hydra zombies (Swamp:4)
  A tengu conjurer (D:15)
  An efreet (D:14)
  A queen bee (D:15)
  6 blue devils (IceCv)
  9 giant leeches
  A fire drake (shapeshifter) (D:14)
  9 trolls
  20 slime creatures
  12 bog bodies
  3 two-headed ogres
  3 alligator zombies (Swamp:4)
  13 blink frogs
  3 spectral swamp dragons (Swamp:4)
  A boulder beetle (D:14)
  A raiju (shapeshifter) (D:14)
  A trapdoor spider (D:11)
  5 spriggans
  5 shadows
  6 wyverns
  6 wraiths
  43 yaks
  3 fire elementals (Snake:3)
  3 basilisks
  5 deep elf magi
  A water elemental (D:14)
  6 hungry ghosts
  3 steam dragons (Lair:8)
  14 hippogriffs
  6 hogs (D:15)
  Grum (D:10)
  12 wolves
  3 mottled dragons
  19 swamp worms
  2 wargs (D:11)
  19 water moccasins
  Edmund (D:4)
  24 insubstantial wisps
  24 vampire mosquitoes
  31 nagas
  5 hell hounds (Snake:3)
  10 ice beasts
  An eye of draining (D:12)
  14 porcupines
  4 sky beasts
  18 wasps
  A swamp dragon zombie (Swamp:4)
  3 black bears
  5 swamp drakes
  9 phantoms
  20 orc warriors
  23 crocodiles
  7 centaurs
  10 ogres
  A wyvern skeleton (D:14)
  4 big kobolds
  19 giant frogs
  A water moccasin skeleton (D:11)
  4 scorpions
  29 killer bees
  2 electric eels (D:15)
  An oklob sapling (Swamp:3)
  11 wights
  5 crimson imps
  A wyvern simulacrum (D:12)
  8 hounds
  A giant frog zombie (D:12)
  A quasit (D:13)
  A giant frog skeleton (D:6)
  A gnoll shaman (D:4)
  4 hell rats (Lair:6)
  A draconian simulacrum (IceCv)
  8 jellies
  34 orc wizards
  39 orc priests
  Jessica (D:5)
  17 iguanas
  Natasha (thrice) (D:2)
  A spriggan simulacrum (IceCv)
  7 troll simulacra (IceCv)
  6 worker ants
  A killer bee zombie (D:9)
  A centaur simulacrum (IceCv)
  7 sheep
  A hound zombie (D:7)
  2 worker ant zombies
  4 swamp drake zombies (Swamp:4)
  19 adders
  7 gnolls
  51 river rats
  6 shadow imps
  A hound simulacrum (D:10)
  2 white imps (D:12)
  3 oozes
  An adder zombie (D:7)
  3 worms
  8 giant geckos
  215 orcs
  6 giant cockroaches
  2 gnoll zombies (D:7)
  9 hobgoblins
  9 jackals
  19 kobolds
  4 quokkas
  6 ball pythons
  5 bats
  A giant gecko skeleton (D:5)
  6 giant newts
  11 goblins
  3 goblin skeletons (D:9)
  3 hobgoblin zombies (D:9)
  A kobold skeleton (D:9)
  A kobold zombie (D:9)
  An orc skeleton (D:9)
  A quokka zombie (D:4)
  9 rats
  A briar patch (Swamp:3)
  A fungus (Swamp:3)
1376 creatures vanquished.

Vanquished Creatures (collateral kills)
  An ice beast (D:6)
1 creature vanquished.

Vanquished Creatures (others)
  A fire giant (D:15)
  An unseen horror (D:14)
  A human (D:15)
  An orc (Orc:1)
  3 briar patches (Swamp:3)
  14 fungi
  9 plants
  73 spectral weapons
103 creatures vanquished.

Grand Total: 1480 creatures vanquished

Notes
Turn   | Place    | Note
--------------------------------------------------------------
     0 | D:1      | Banto the High Elf Skald began the quest for the Orb.
     0 | D:1      | Reached XP level 1. HP: 14/14 MP: 4/4
   256 | D:1      | Found a sparkling altar of Nemelex Xobeh.
   337 | D:1      | Reached skill level 4 in Charms
   382 | D:1      | Reached XP level 2. HP: 14/19 MP: 6/6
   755 | D:2      | Found a radiant altar of Vehumet.
   995 | D:1      | Reached XP level 3. HP: 20/24 MP: 5/8
  1278 | D:2      | Learned a level 3 spell: Regeneration
  1282 | D:2      | Learned a level 3 spell: Spectral Weapon
  1386 | D:2      | Reached XP level 4. HP: 19/29 MP: 9/9
  1656 | D:2      | Reached skill level 5 in Charms
  1703 | D:2      | Noticed Natasha
  1712 | D:2      | Killed Natasha
  1875 | D:2      | Reached XP level 5. HP: 26/34 MP: 10/10
  1947 | D:3      | Found a faded altar to an unknown god.
  2256 | D:4      | Noticed an ogre
  2301 | D:4      | Killed an ogre
  2301 | D:4      | Reached skill level 5 in Long Blades
  2301 | D:4      | Reached skill level 6 in Charms
  2340 | D:4      | Reached XP level 6. HP: 35/39 MP: 9/11
  2346 | D:4      | Found a staircase to the Ecumenical Temple.
  2358 | Temple   | Entered the Ecumenical Temple
  2554 | D:4      | Found a glowing silver altar of Zin.
  2660 | D:4      | Noticed Edmund
  2674 | D:4      | Killed Edmund
  2674 | D:4      | Reached skill level 7 in Charms
  2945 | D:3      | Reached XP level 7. HP: 43/45 MP: 12/12
  2982 | D:2      | Noticed Natasha
  3009 | D:2      | Killed Natasha
  3218 | D:2      | Noticed Natasha
  3224 | D:2      | Killed Natasha
  3396 | D:3      | Found a shimmering altar of Xom.
  3398 | D:3      | Found a snail-covered altar of Cheibriados.
  3793 | D:4      | Noticed Sigmund
  4044 | D:4      | Reached skill level 8 in Charms
  4288 | D:5      | Entered Level 5 of the Dungeon
  4314 | D:5      | Found an opulent altar of Gozag.
  4476 | D:5      | Found a sparkling altar of Nemelex Xobeh.
  4476 | D:5      | Noticed Jessica
  4480 | D:5      | Killed Jessica
  4712 | D:5      | Reached XP level 8. HP: 43/50 MP: 13/13
  5009 | D:6      | Reached skill level 9 in Charms
  5132 | D:6      | Found an iron altar of Okawaru.
  5141 | D:6      | Became a worshipper of Warmaster Okawaru
  5453 | D:6      | Found a deep blue altar of Sif Muna.
  5761 | D:6      | Found a white marble altar of Elyvilon.
  6085 | D:7      | Found a shadowy altar of Dithmenos.
  6312 | D:7      | Found a basalt altar of Yredelemnul.
  6401 | D:7      | Found Ydophuil's Armour Shop.
  6422 | D:7      | Bought a +2 leather armour of cold resistance for 247 gold pieces
  6458 | D:7      | Found a sparkling altar of Nemelex Xobeh.
  6561 | D:7      | Learned a level 1 spell: Summon Butterflies
  6659 | D:7      | Noticed Sychopol's ghost (experienced DsNe)
  6680 | D:7      | Killed Sychopol's ghost
  6680 | D:7      | Acquired Okawaru's first power
  6680 | D:7      | Reached skill level 10 in Long Blades
  6680 | D:7      | Reached XP level 9. HP: 48/58 MP: 10/14
  6941 | D:7      | Found a shattered altar of Ashenzari.
  7411 | D:8      | Gained mutation: Your muscles are strong. (Str +2) [potion of mutation]
  7411 | D:8      | Gained mutation: Your spells are a little easier to cast, but a little less powerful. [potion of mutation]
  7411 | D:8      | Gained mutation: You are agile. (Dex +2) [potion of mutation]
  7928 | D:8      | Reached skill level 5 in Dodging
  7943 | D:8      | Reached skill level 5 in Fighting
  7943 | D:8      | Reached skill level 11 in Long Blades
  8005 | D:8      | Noticed a two-headed hydra
  8008 | D:8      | Killed a one-headed hydra
  8008 | D:8      | Reached XP level 10. HP: 66/68 MP: 13/15
  8173 | D:8      | Reached skill level 12 in Long Blades
  8653 | D:9      | Found a glowing golden altar of the Shining One.
  8973 | D:9      | Gained mutation: Your mind is acute. (Int +2) [potion of beneficial mutation]
  9242 | D:9      | Found a staircase to the Lair.
  9290 | D:10     | Entered Level 10 of the Dungeon
  9363 | D:10     | Noticed a hill giant
  9375 | D:10     | Killed a hill giant
  9375 | D:10     | Reached skill level 13 in Long Blades
  9403 | D:10     | Found a flagged portal.
  9425 | D:10     | Noticed Grum
  9477 | D:10     | Killed Grum
  9515 | Bailey   | Entered a bailey
  9535 | Bailey   | Noticed an orc knight
  9536 | Bailey   | Noticed an orc knight
  9563 | D:10     | Noticed Mulkerokala's ghost (powerful HuWn)
  9566 | D:10     | Noticed a centaur warrior
  9711 | D:10     | Found Upitetef's Antique Armour Shoppe.
  9776 | D:10     | Noticed Josephine
  9828 | Lair:1   | Entered Level 1 of the Lair of Beasts
  9987 | Lair:1   | Acquired Okawaru's second power
  9993 | Lair:1   | Noticed a black mamba
 10000 | Lair:1   | Killed a black mamba
 10000 | Lair:1   | Reached XP level 11. HP: 67/77 MP: 16/16
 10675 | Lair:1   | Received a gift from Okawaru
 10971 | Lair:2   | Found a labyrinth entrance.
 11020 | Lab      | Entered a labyrinth
 11087 | Lab      | Received a gift from Okawaru
 11103 | Lab      | Reached skill level 10 in Dodging
 11470 | Lab      | Noticed a minotaur
 11476 | Lab      | Killed a minotaur
 11857 | Lair:2   | Reached skill level 10 in Fighting
 12007 | Lair:2   | Noticed a four-headed hydra
 12021 | Lair:2   | Killed a one-headed hydra
 12408 | Lair:3   | Noticed an eight-headed hydra
 12419 | Lair:3   | Killed a four-headed hydra
 12447 | Lair:3   | Reached skill level 14 in Long Blades
 12762 | Lair:3   | Reached XP level 12. HP: 87/87 MP: 17/17
 13238 | Lair:3   | Found a staircase to the Swamp.
 13377 | Lair:3   | Noticed a four-headed hydra
 13385 | Lair:3   | Killed a one-headed hydra
 13482 | Lair:4   | Noticed a seven-headed hydra
 13491 | Lair:4   | Killed a one-headed hydra
 13530 | Lair:4   | Reached skill level 15 in Long Blades
 13638 | Lair:4   | Noticed a seven-headed hydra
 13649 | Lair:4   | Killed a one-headed hydra
 13649 | Lair:4   | Received a gift from Okawaru
 13652 | Lair:4   | Got a slimy robe {god gift}
 13672 | Lair:4   | Got a twisted leather armour
 13677 | Lair:4   | Found a dark tunnel.
 13685 | Volcano  | Entered a volcano
 13704 | Volcano  | Found a bloodstained altar of Trog.
 13706 | Volcano  | Noticed an ogre mage
 13723 | Volcano  | Killed an ogre mage
 13876 | Lair:4   | Found a frozen archway.
 13885 | IceCv    | Entered an ice cave
 13979 | IceCv    | Reached skill level 16 in Long Blades
 14784 | IceCv    | Reached skill level 17 in Long Blades
 15056 | Lair:4   | Identified a scroll of acquirement
 15057 | Lair:4   | Got a crude cloak
 15068 | Lair:4   | Identified the +1 cloak of Supple Strength {rCorr} (You acquired it on level 4 of the Lair of Beasts)
 15691 | Lair:4   | Identified the +1 robe "Ymudy" {rElec rC+ Str-4 Slay+2} (Okawaru gifted it to you on level 4 of the Lair of Beasts)
 15701 | Lair:4   | Identified the +1 leather armour of Fortitude {rCorr MP+9 Stlth-} (You found it on level 4 of the Lair of Beasts)
 15996 | Lair:5   | Reached XP level 13. HP: 88/92 MP: 18/18
 16047 | Lair:5   | Reached skill level 18 in Long Blades
 16123 | Lair:5   | Received a gift from Okawaru
 16123 | Lair:5   | Reached skill level 1 in Stealth
 16158 | Lair:5   | Reached skill level 1 in Invocations
 16163 | Lair:5   | Reached skill level 1 in Evocations
 16672 | Lair:6   | Found a staircase to the Slime Pits.
 17034 | Lair:6   | Reached skill level 5 in Stealth
 17213 | Lair:6   | Found a staircase to the Snake Pit.
 17223 | Lair:6   | Reached skill level 5 in Invocations
 17334 | Lair:6   | Learned a level 2 spell: Repel Missiles
 17629 | Lair:7   | Reached skill level 5 in Evocations
 18358 | Lair:8   | Entered Level 8 of the Lair of Beasts
 18365 | Lair:8   | Noticed aves's ghost (powerful VSFi)
 18371 | Lair:8   | Received a gift from Okawaru
 18418 | Lair:8   | Killed aves's ghost
 18705 | Lair:8   | Reached XP level 14. HP: 91/99 MP: 20/20
 18779 | Lair:8   | Reached skill level 1 in Hexes
 18779 | Lair:8   | Reached skill level 1 in Air Magic
 18806 | Lair:8   | Reached skill level 1 in Necromancy
 19602 | Lair:8   | Received a gift from Okawaru
 19909 | Lair:3   | Reached skill level 5 in Air Magic
 20054 | D:10     | Bought an ancient buckler for 304 gold pieces
 20054 | D:10     | Bought a pair of ichor-stained gloves for 304 gold pieces
 20060 | D:10     | Identified the +6 buckler of the Pink Corner {+Blink MR+} (You bought it in a shop on level 10 of the Dungeon)
 20065 | D:10     | Identified the cursed +0 pair of gloves "Daukhab" {*Corrode +Fly rElec} (You bought it in a shop on level 10 of the Dungeon)
 20079 | D:10     | Noticed a hill giant
 20083 | D:10     | Killed a hill giant
 20171 | D:10     | Killed Mulkerokala's ghost
 20351 | D:10     | Killed a centaur warrior
 20379 | D:10     | Killed Josephine
 20379 | D:10     | Reached skill level 5 in Hexes
 20741 | D:11     | Reached skill level 1 in Armour
 20821 | D:11     | Reached skill level 1 in Shields
 20974 | D:11     | Found a staircase to the Orcish Mines.
 21214 | D:11     | Gained mutation: Your mind is very acute. (Int +4) [potion of mutation]
 21214 | D:11     | Gained mutation: You are covered in fur (AC +1). [potion of mutation]
 21317 | D:11     | Found a shimmering altar of Xom.
 21515 | D:11     | Found a shadowy altar of Dithmenos.
 21763 | Orc:1    | Entered Level 1 of the Orcish Mines
 22015 | Orc:1    | Noticed Fannar
 22046 | Orc:1    | Killed Fannar
 22129 | Orc:1    | Received a gift from Okawaru
 22176 | Orc:1    | Found a radiant altar of Vehumet.
 23051 | Orc:3    | Found Niahamenk's Antique Armour Shoppe.
 23343 | Orc:3    | Found a staircase to the Elven Halls.
 23506 | Orc:3    | Found a roughly hewn altar of Beogh.
 23709 | Orc:4    | Entered Level 4 of the Orcish Mines
 24166 | Orc:4    | Reached XP level 15. HP: 103/103 MP: 16/21
 24172 | Orc:4    | Lost mutation: Your muscles are strong. (Str +2) [a neqoxec]
 24174 | Orc:4    | Reached skill level 5 in Armour
 24175 | Orc:4    | Gained mutation: You heal slowly when monsters are visible. [a neqoxec]
 24181 | Orc:4    | Reached skill level 5 in Shields
 24197 | Orc:4    | Found Ammip's Distillery.
 24197 | Orc:4    | Found Atohokh's Weapon Boutique.
 24199 | Orc:4    | Found Mugguli's Antique Weapon Emporium.
 24199 | Orc:4    | Found Utag's Armour Boutique.
 24215 | Orc:4    | Bought a potion of heal wounds for 85 gold pieces
 24215 | Orc:4    | Bought a potion of curing for 51 gold pieces
 24215 | Orc:4    | Bought a potion of curing for 51 gold pieces
 24215 | Orc:4    | Bought a potion of heal wounds for 85 gold pieces
 25793 | D:13     | Noticed Nessos
 25800 | D:13     | Killed Nessos
 26078 | D:13     | Found a gate to the Vaults.
 26784 | D:14     | Found Gikhoy's Assorted Antiques.
 26791 | D:14     | Bought a metal-bound book for 285 gold pieces
 26791 | D:14     | Bought a pearl ring for 95 gold pieces
 26791 | D:14     | Bought a scroll of identify for 38 gold pieces
 26842 | D:14     | Found a white marble altar of Elyvilon.
 27044 | D:14     | Received a gift from Okawaru
 27071 | D:14     | Got an ancient triple sword {god gift}
 27072 | D:14     | Identified the +10 triple sword of the Blind Eye {flame, MP+9 Dex+7} (Okawaru gifted it to you on level 14 of the Dungeon)
 27921 | D:15     | Entered Level 15 of the Dungeon
 28098 | D:15     | Noticed Kirke
 28104 | D:15     | Received a gift from Okawaru
 28107 | D:15     | Killed Kirke
 28576 | D:15     | Found a staircase to the Depths.
 28883 | D:15     | Noticed Sonja
 28890 | D:15     | Killed Sonja
 29443 | Swamp:1  | Entered Level 1 of the Swamp
 29452 | Swamp:1  | Reached XP level 16. HP: 89/114 MP: 22/22
 30704 | Swamp:2  | Received a gift from Okawaru
 31826 | Swamp:3  | HP: 3/116 [thorn hunter/volley of thorns (30)]
 32687 | Swamp:3  | Paralysed by a hornet for 2 turns
 32954 | Swamp:4  | Entered Level 4 of the Swamp
 33422 | Swamp:4  | Reached skill level 10 in Armour
 33778 | Swamp:4  | Got a pair of twisted boots
 33789 | Swamp:4  | Identified the +1 pair of boots of Idealism {rC+ Str+5} (You acquired it on level 4 of the Swamp)
 34853 | Swamp:3  | Reached XP level 17. HP: 30/121 MP: 23/23
 35258 | Swamp:4  | Received a gift from Okawaru
 35285 | Swamp:4  | Noticed a bone dragon
 35460 | Swamp:3  | Killed a bone dragon
 35802 | Swamp:4  | Got a decaying rune of Zot
 36327 | Snake:1  | Entered Level 1 of the Snake Pit
 36523 | Snake:1  | Received a gift from Okawaru
 36746 | Snake:1  | Reached skill level 15 in Dodging
 37567 | Snake:2  | HP: 1/126 [naga mage/bolt of poison (17)]
 37944 | Snake:2  | Received a gift from Okawaru
 37949 | Snake:2  | Got a steaming hat {god gift}
 37966 | Snake:2  | Identified the +0 hat "Vafafet Tiss" {Dex+2 SInv} (Okawaru gifted it to you on level 2 of the Snake Pit)
 38449 | Snake:3  | Noticed Azrael
 38457 | Snake:3  | Killed Azrael
 38467 | Snake:3  | Reached skill level 15 in Fighting
 38528 | Snake:3  | Gained mutation: You are partially covered in thin metallic scales (AC +2). [potion of mutation]
 38528 | Snake:3  | Gained mutation: Your body sometimes deteriorates upon taking damage. [potion of mutation]
 39255 | Snake:4  | Entered Level 4 of the Snake Pit
 39291 | Snake:4  | Found Nett's Armour Emporium.
 39306 | Snake:4  | Noticed Asterion
 39319 | Snake:4  | Killed Asterion
 39473 | Snake:4  | HP: 1/127 [naga warrior/trident (22)]
 39473 | Snake:4  | Slain by a naga warrior

Vault maps used:
D:1:      dpeg_arrival_refuge, nemelex_diamond_rough_becter
D:2:      lemuel_round_altar, first_bread, kennysheep_generic_room_7,
          uniq_natasha
D:3:      wad_river_or_something, minitemple, ecumenical_altar_2
D:4:      lemuel_round_altar, minmay_temple_entry_statues_fountains,
          serial_park_tiny_pond, uniq_sigmund, uniq_edmund
D:5:      grunt_gozag_statues, nemelex_lonely_heart_becter
D:6:      lemuel_blue_sif_altar, okawaru_ov_weapons_minmay, elyvilon_altar_4
D:7:      nicolae_dithmenos_shadow_blocks, lemuel_zombie_altar_yredelemnul,
          ashenzari_altar_1, nemelex_xobeh_ov_fountains_minmay, serial_shops,
          nicolae_shop_window_shopping
D:8:      hangedman_ranch, abandoned_shop
D:9:      lair_0_dummy, nicolae_tso_besieged_by_evil
D:10:     minmay_opposing_rooms, serial_glass, glass_columns_c, glass_columns_c,
          enter_bailey_2, serial_shops, shop, uniq_josephine, uniq_grum
D:11:     erik_orc_4, basic_altar, lemuel_altar_in_water2
D:12:     serial_ice, serial_ice_i, serial_ice_h, serial_ice_g, serial_ice_e
D:13:     david_vaults_1, uniq_nessos
D:14:     minmay_bad_star, serial_shops, shop, hangedman_decor_push,
          minivault_14, david_defended_altar_elf
D:15:     grunt_enter_depths_giant_problem, special_room, serial_bayou_ford_a,
          uniq_sonja, uniq_kirke
Temple:   minmay_temple_bridge_a_8
Lair:1:   st_stairs_4, serial_bayou_pond_a, grunt_megastairs_3,
          infiniplex_staircase_pool, serial_bayou_shore_b, lemuel_fruit_tree
Lair:2:   lab_entry_generic, serial_bayou_shore_b
Lair:3:   minmay_swamp_entry_worms
Lair:4:   lightli_volcano_entry_magma_tube, portal_ice_cave_entry_pillars_01,
          lemuel_fruit_fields
Lair:6:   minmay_snake_entry_six_corridors, minmay_slime_entry_pillars
Lair:7:   st_stairs_13, beast_lair_carwin_5
Lair:8:   guppyfry_lair_end_dragon, grunt_megastairs_5
Swamp:1:  evilmike_swamp_ruin_rubble_1
Swamp:2:  serial_swamp_ruin, evilmike_swamp_ruin_house_6,
          evilmike_swamp_ruin_house_1, evilmike_swamp_ruin_house_3,
          infiniplex_staircase_pool_2
Swamp:3:  nicolae_swamp_phyte_club, evilmike_swamp_ruin_house_2, swamp_pool1,
          nicolae_swamp_fairy_circle
Swamp:4:  swamp_pestilence
Snake:1:  guppyfry_library_mini
Snake:2:  cheibrodos_snake_ritualist_ritual
Snake:3:  uniq_azrael
Snake:4:  grunt_snake_rune_serpentine_throne, serial_shops, nicolae_shop_trees,
          nicolae_shop_stone, shop, uniq_asterion
Orc:1:    basic_altar, uniq_fannar
Orc:3:    basic_altar, serial_shops, nicolae_shop_crystal,
          nicolae_orc_pool_cavern, mines3_lemuel
Orc:4:    grunt_orc_tribal_feast
Lab:      labyrinth_watery, nicolae_lab_diamond, lab_statue, nicolae_lab_arrow
Bailey:   bailey_axe_1, bailey
IceCv:    ice_cave_tombish
Volcano:  kennysheep_volcano_temple

Action                   |  1- 3 |  4- 6 |  7- 9 | 10-12 | 13-15 | 16-18 || total
-------------------------+-------+-------+-------+-------+-------+-------++-------
Melee: Falchion          |    66 |       |     3 |   397 |       |       ||   466
       Short sword       |    14 |   129 |   257 |       |       |       ||   400
       Long sword        |       |       |   196 |       |       |       ||   196
       Great sword       |       |       |       |   262 |  1233 |       ||  1495
       Demon blade       |       |       |       |    37 |    16 |    18 ||    71
       Triple sword      |       |       |       |       |   188 |   759 ||   947
Throw: Tomahawk          |     9 |    13 |     3 |    13 |       |       ||    38
       Javelin           |       |       |       |    10 |       |       ||    10
 Cast: Infusion          |     5 |       |     3 |     3 |     5 |     2 ||    18
       Regeneration      |     1 |    11 |    35 |    59 |   131 |   144 ||   381
       Spectral Weapon   |       |    10 |    27 |    69 |   112 |    96 ||   314
       Summon Butterflie |       |       |       |     5 |     3 |     1 ||     9
       Repel Missiles    |       |       |       |       |     5 |     7 ||    12
Invok: Heroism           |       |       |       |     2 |       |       ||     2
 Abil: Evoke Flight      |       |       |       |       |     1 |       ||     1
       Evoke Invisibilit |       |       |       |       |       |     1 ||     1
Evoke: Wand              |       |       |     5 |     3 |     3 |     5 ||    16
  Use: Scroll            |     2 |     9 |     4 |    14 |    11 |     9 ||    49
       Potion            |     1 |       |     2 |     1 |     1 |    12 ||    17
 Stab: Sleeping          |     1 |     3 |     4 |     3 |    24 |     6 ||    41
       Confused          |       |       |     2 |       |     1 |       ||     3
       Distracted        |       |       |     2 |     8 |    19 |    12 ||    41
       Paralysed         |       |       |       |       |     2 |       ||     2
       Invisible         |       |       |       |       |       |     3 ||     3
  Eat: Chunk             |     1 |     8 |    22 |    33 |    87 |    20 ||   171
       Pizza             |       |       |     1 |       |       |     5 ||     6
       Royal jelly       |       |       |     1 |     1 |     1 |     8 ||    11
       Beef jerky        |       |       |       |     2 |       |     3 ||     5
       Fruit             |       |       |       |     7 |       |     4 ||    11
       Bread ration      |       |       |       |       |       |     1 ||     1
